Map: Cerulean Fall LE

Players

xKawaiian

  • Race: Terran Terran
  • League: Grandmaster
  • Spawn Location: 7:00

Tesla (Rob) - Winner!

  • Race: Protoss Protoss
  • League: Grandmaster
  • Spawn Location: 1:00

Event: Cheeseadelphia 8

VOD

Have the link to the VOD?

Description

Time

  • Played on: Dec. 8, 2018, 5 p.m.
  • Length: 12:35

All games in this series

Show
View Real Time Build Order
Export as new Build Order

xKawaiian Terran 

Build Orders: Reaper Expand 

Get SALT Encoding   

  12  0:00  SCV  
  13  0:13  SCV  
  14  0:17  Supply Depot  
  14  0:25  SCV  
  15  0:39  SCV  
  15  0:40  Barracks  
  16  0:45  Refinery  
  16  0:51  SCV  
  17  1:03  SCV  
  18  1:15  SCV  
  19  1:27  Orbital Command  
  19  1:28  Reaper  
  20  1:41  Command Center  
  20  1:52  Supply Depot  
  20  1:53  SCV  
  21  2:01  Barracks Reactor  
  21  2:05  SCV  
  22  2:08  Barracks  
  22  2:17  SCV  
  22  2:19  Barracks  
  23  2:29  SCV  
  24  2:37  Marine x2  
  24  2:41  SCV  
  24  2:42  Engineering Bay  
  27  2:53  Orbital Command  
  27  2:54  SCV  
  27  2:56  Bunker  
  27  2:57  Barracks Tech Lab  
  28  2:59  Marine  
  28  3:01  Marine  
  30  3:08  Marine  
  31  3:17  Marine x2, Stimpack  
  32  3:20  SCV x2  
  33  3:32  SCV  
  33  3:33  Missile Turret  
  34  3:35  SCV  
  34  3:37  Marine x4  
  39  3:43  Supply Depot  
  39  3:49  Terran Infantry Weapons Level 1  
  39  3:50  SCV  
  39  3:51  SCV  
  39  3:54  Marine  
  39  3:55  Marine  
  43  3:57  Marine  
  43  3:58  Marauder  
  46  4:05  SCV x2  
  46  4:08  Supply Depot  
  46  4:09  Refinery  
  48  4:16  Factory  
  48  4:17  SCV x2  
  48  4:20  Marauder  
  52  4:31  Marine  
  52  4:35  SCV  
  52  4:37  SCV  
  53  4:41  Missile Turret  
  53  4:43  Marine  
  53  4:45  Marine, Marauder  
  57  4:47  SCV  
  57  4:49  SCV  
  59  4:56  Supply Depot  
  59  4:57  Supply Depot  
  59  4:58  Marine  
  59  4:59  SCV  
  61  5:01  SCV  
  62  5:12  Factory Reactor  
  62  5:13  Barracks Reactor  
  62  5:14  Starport  
  62  5:18  Marine x2, Marauder  
  62  5:20  SCV  
  62  5:21  Supply Depot  
  67  5:22  Refinery  
  67  5:25  SCV  
  67  5:27  Barracks  
  67  5:28  Barracks  
  66  5:32  SCV  
  67  5:36  Marine x2  
  67  5:37  SCV  
  67  5:40  Marauder  
  72  5:44  SCV  
  72  5:49  Marine  
  70  5:53  Marine  
  68  5:57  SCV  
  68  6:01  Marine, Marauder  
  68  6:02  Medivac x2  
  68  6:03  Marine  
  76  6:06  Supply Depot  
  76  6:07  Marine  
  76  6:10  Supply Depot  
  76  6:11  Marine, Combat Shield  
  74  6:19  Marine  
  74  6:20  Marine x2  
  74  6:22  Marauder  
  74  6:23  Widow Mine  
  74  6:25  Marine  
  82  6:38  Marine x5  
  87  6:41  Supply Depot  
  87  6:43  Marine  
  87  6:44  Marauder  
  87  6:45  Widow Mine  
  92  6:49  Medivac x2  
  92  6:51  SCV  
  92  6:54  Refinery  
  97  6:55  Marine  
  97  6:56  Marine x4  
  102  7:03  Marine  
  102  7:05  Marine  
  102  7:13  Marine  
  102  7:14  Marine x4  
  105  7:20  Marine  
  105  7:23  Marauder  
  106  7:31  Marine x3  
  106  7:33  Barracks Tech Lab x2  
  109  7:38  Marine  
  109  7:40  Supply Depot  
  109  7:41  Supply Depot  
  110  7:47  Factory Reactor, Medivac x2, Supply Depot, Marauder  
  110  7:48  Supply Depot  
  110  7:49  Marine x2  
  118  7:58  Supply Depot  
  118  7:59  Supply Depot  
  118  8:01  Marine x2  
  118  8:04  Marine, Marauder  
  123  8:07  Marine x2  
  123  8:09  Marauder  
  123  8:11  Supply Depot  
  126  8:19  Marine  
  124  8:20  Marine  
  124  8:23  Widow Mine x2  
  124  8:25  Marine x2  
  131  8:30  Marauder  
  131  8:31  Marine x2  
  133  8:37  Marine  
  133  8:38  Marine  
  135  8:42  Marine  
  135  8:43  Marine  
  135  8:48  Ghost Academy  
  134  8:49  Marine x2  
  134  8:51  Marine  
  134  8:54  Marine  
  138  8:59  Marine  
  138  9:00  Marine  
  138  9:01  Marine  
  147  9:18  Command Center  
  147  9:20  Ghost x2  
  147  9:21  Ghost  
  145  9:48  Ghost, Marine  
  135  9:57  Marine  
  135  9:59  Ghost, Marine  
  132  10:00  SCV  
  132  10:01  Marine  
  132  10:02  Marauder  
  132  10:04  Armory  
  132  10:05  Barracks  
  136  10:12  Marine  
  112  10:15  Marine  
  112  10:17  Marine  
  112  10:18  Marauder  
  116  10:22  Ghost  
  116  10:27  Marine  
  116  10:28  Marauder  
  116  10:30  Marine, SCV x2  
  117  10:39  Marauder  
  117  10:40  Marine x2  
  117  10:42  SCV  
  120  10:45  Marine  
  121  10:53  Engineering Bay  
  111  11:02  Medivac  
  111  11:03  Medivac  
  110  11:08  Barracks Tech Lab  
  79  11:27  Ghost, Marine, Marauder  
  79  11:28  Widow Mine x2  
  79  11:30  Marine, Marauder  
  79  11:31  Marine x2  
  79  11:32  Medivac, Marauder  
  88  11:33  Medivac  
  88  11:34  SCV x2  
  88  11:36  Orbital Command  
  94  11:40  Concussive Shells  
  94  11:45  Marine  
  94  11:46  SCV  
  96  11:48  Marine x2  
  96  11:49  Marine  
  94  12:00  Marine x2, Marauder  
  85  12:10  Marine  
  85  12:12  Marine x3  
Show
View Real Time Build Order
Export as new Build Order

Tesla Protoss - Winner!

Build Orders: 1 Gate Expand, Oracle Opening 

Get SALT Encoding   

  12  0:00  Probe  
  13  0:12  Probe  
  14  0:18  Pylon  
  14  0:24  Probe  
  15  0:32  Probe  
  15  0:36  Gateway  
  15  0:42  Probe  
  16  0:43  Assimilator  
  17  0:53  Probe  
  18  1:05  Probe  
  19  1:17  Probe  
  20  1:24  Nexus  
  20  1:31  Probe  
  20  1:34  Cybernetics Core  
  21  1:40  Probe  
  21  1:41  Assimilator  
  22  1:50  Pylon  
  22  1:52  Probe  
  23  2:01  Adept  
  23  2:08  Probe  
  23  2:11  Warp Gate  
  26  2:21  Probe  
  27  2:27  Stalker  
  29  2:32  Probe  
  29  2:33  Probe  
  31  2:40  Probe  
  31  2:42  Stargate  
  32  2:45  Probe  
  32  2:50  Probe  
  33  2:57  Stalker  
  36  3:01  Probe  
  36  3:02  Probe  
  38  3:08  Shield Battery  
  38  3:13  Probe  
  38  3:14  Probe  
  40  3:21  Oracle  
  40  3:25  Probe  
  40  3:26  Probe  
  42  3:32  Stalker  
  45  3:37  Probe  
  45  3:39  Pylon  
  46  3:45  Assimilator  
  46  3:46  Gateway x2  
  46  3:47  Assimilator  
  46  3:48  Oracle  
  46  3:50  Pylon  
  46  3:57  Probe x2  
  51  4:09  Probe x2  
  53  4:12  Forge  
  53  4:13  Twilight Council  
  53  4:21  Probe x2  
  55  4:25  Protoss Ground Weapons Level 1  
  55  4:33  Probe  
  55  4:35  Blink  
  55  4:37  Oracle  
  59  4:40  Stalker  
  59  4:44  Pylon  
  61  4:53  Pylon  
  61  4:55  Gateway  
  61  4:57  Gateway  
  61  5:05  Stalker x2  
  65  5:10  Stalker  
  67  5:27  Pylon  
  67  5:30  Stalker x2  
  67  5:31  Pylon  
  67  5:33  Stalker  
  73  5:37  Pylon  
  73  5:41  Pylon  
  69  6:01  Stalker x5  
  79  6:07  Protoss Ground Armor Level 1  
  75  6:25  Charge  
  71  6:26  Stalker x2, Nexus  
  71  6:27  Stalker  
  71  6:32  Stalker  
  79  6:39  Stalker  
  81  6:43  Probe  
  81  6:45  Templar Archives  
  82  6:54  Probe  
  83  6:55  Probe  
  83  6:57  Pylon  
  84  7:08  Stalker x3  
  90  7:19  Stalker  
  90  7:20  Stalker  
  93  7:28  Pylon  
  93  7:29  Pylon  
  93  7:34  Psionic Storm  
  93  7:44  Nexus, High Templar  
  93  7:46  Pylon  
  93  7:50  High Templar, Zealot  
  93  7:51  Zealot x2  
  103  7:59  Forge  
  103  8:08  Pylon x2  
  103  8:20  High Templar x2  
  103  8:21  Zealot x2  
  103  8:24  Protoss Ground Armor Level 2  
  111  8:27  Gateway  
  111  8:29  Gateway  
  111  8:31  Zealot  
  111  8:34  Protoss Ground Weapons Level 2, Probe x2  
  115  8:44  Stalker x2  
  119  8:51  Probe x2  
  121  9:03  Probe  
  121  9:04  Probe x2  
  124  9:13  Robotics Facility  
  124  9:16  Probe x2  
  126  9:18  Assimilator  
  126  9:22  Assimilator  
  126  9:30  High Templar  
  126  9:32  High Templar  
  126  9:33  Zealot x4  
  126  9:55  Stalker x5  
  136  10:01  Probe x2  
  136  10:02  Probe  
  139  10:10  Archon  
  117  10:14  Nexus, Probe  
  117  10:15  High Templar  
  117  10:17  Zealot  
  120  10:27  High Templar x2  
  124  10:30  Probe x3  
  124  10:35  Pylon  
  127  10:38  High Templar  
  129  10:47  Immortal  
  129  10:48  Probe x2  
  129  10:49  Probe  
  132  11:02  Zealot x2  
  132  11:03  Zealot x3  
  142  11:08  Robotics Bay  
  142  11:09  Robotics Facility  
  142  11:11  Assimilator, Probe x3  
  143  11:15  Assimilator  
  135  11:33  Zealot x2  
  135  11:34  Zealot x5  
  149  11:42  Probe x2  
  151  11:53  Archon  
Tags
 
Add a new tag
Caveats
  • Supply blocks, unpowered buildings, or Contaminate may cause inaccurate times.
  • Supply counts are checked every 10 seconds.